cohdb
Replays
Latest Replays
All Replays
Popular Replays
Top Player Replays
Match Explorer
How It Works
Community
CoH3 Stats
Reddit
Sign in to upload your games and track your stats! →
Sign in with Steam
Match 43289923
Unlisted
Match 43289923
Overview
Messages
Build Orders
End
Selects Airborne Battlegroup
Selects Pathfinders
Pathfinder Squad
Construct Weapon Support Center
Sniper
Bazooka Squad
M1919 Machine Gun Team
Construct Medical Station
Selects Paratrooper Squad Paradrop
Paratrooper Squad Paradrop
Infantry Support Center
M3 Armored Personnel Carrier
Engineer Squad
Bazooka Squad
Construct Motor Pool
Selects Anti-tank Gun Team Paradrop
Anti-tank Gun Team Paradrop
Construct Motor Pool
M24 Chaffee Light Tank
M1919 Machine Gun Team
MikoMikoSpark
只愛❤毛妹
0
0
Comments
sign in to comment!
No comments posted yet!